 Dungeon Crawl Stone Soup version 0.22.1-2-g9c5b331383 (webtiles) character file.

2658 Ihlosi the Covert (level 9, -7/50 HPs)
             Began as a Kobold Enchanter on Dec 30, 2018.
             Killed by the air
             ... invoked by Gastronok
              (28 damage)
             ... on level 8 of the Dungeon.
             The game lasted 00:33:48 (9430 turns).

Ihlosi the Covert (Kobold Enchanter)                Turns: 9430, Time: 00:33:48

Health: -7/50      AC:  4    Str:  6    XL:     9   Next: 94%
Magic:  5/17       EV: 19    Int: 18    God:
Gold:   156        SH:  5    Dex: 16    Spells: 7/19 levels left

rFire    . . .     SeeInvis .   a - +4 rapier (flame)
rCold    . . .     Gourm    .   (shield restricted)
rNeg     . . .     Faith    .   y - +0 robe
rPois    +         Spirit   .   (no helmet)
rElec    .         Reflect  +   (no cloak)
rCorr    .         Harm     .   (no gloves)
MR       .....                  p - +0 pair of boots
Stlth    +++++.....             n - +5 amulet of reflection
HPRegen  0.16/turn              h - +1 ring of evasion
MPRegen  0.15/turn              l - ring of stealth

@: about to teleport, very slightly contaminated
A: small, carnivore, poison resistance, shaggy fur 1
a: no special abilities


You were on level 8 of the Dungeon.
You were very full.

You visited 1 branch of the dungeon, and saw 7 of its levels.
You also visited: Sewer.

You collected 348 gold pieces.
You spent 192 gold pieces at shops.

Inventory:

Hand Weapons
 a - a +4 rapier of flaming (weapon)
 b - a +1 rapier
 r - a +0 blowgun
Missiles
 f - 158 bolts
 s - 40 poisoned needles
Armour
 p - a +0 pair of boots (worn)
 w - a +4 ring mail
 y - a +0 robe (worn)
Jewellery
 h - a +1 ring of evasion (left hand)
 l - a ring of stealth (right hand)
 n - a +5 amulet of reflection (around neck)
Wands
 u - a wand of disintegration (11)
 z - a wand of iceblast (16)
Scrolls
 e - 3 scrolls of blinking
 g - 2 scrolls of magic mapping
 i - a scroll of fog
 j - 3 scrolls of remove curse
 o - 2 scrolls of fear
 q - 2 scrolls of teleportation
 v - 8 scrolls of identify
Potions
 c - a potion of resistance
 k - a potion of mutation
 m - 3 potions of curing
 t - a potion of agility
 A - a potion of might
 C - a potion of brilliance
Comestibles
 d - 13 rations


   Skills:
 - Level 3.0 Fighting
 - Level 6.0 Short Blades
 - Level 2.0 Armour
 * Level 5.6 Dodging
 - Level 9.0 Stealth
 * Level 5.6 Spellcasting
 * Level 3.6 Conjurations
 * Level 5.9 Hexes
 * Level 2.8 Evocations


You had 7 spell levels left.
You knew the following spells:

 Your Spells              Type           Power        Failure   Level  Hunger
a - Dazzling Spray        Conj/Hex       ###...       5%          3    ##.....
b - Ensorcelled Hibernat  Hex/Ice        ###...       5%          2    None
c - Confuse               Hex            ####....     3%          3    ##.....
d - Corona                Hex            ####...      1%          1    None
e - Tukima's Dance        Hex            ####....     3%          3    ##.....

Your spell library contained the following spells:

 Spells                   Type           Power        Failure   Level  Hunger
 Animate Skeleton         Necr           N/A          12%         1    None
 Beastly Appendage        Tmut           #.....       12%         1    None
 Pain                     Necr           #...         12%         1    None
 Sticks to Snakes         Tmut           #.......     19%         2    None
 Regeneration             Chrm/Necr      #.........   36%         3    ##.....
 Spider Form              Tmut/Pois      #.........   36%         3    ##.....
 Vampiric Draining        Necr           #.........   36%         3    ##.....
 Animate Dead             Necr           N/A          77%         4    ####...
 Ice Form                 Ice/Tmut       #.......     77%         4    ####...
 Blade Hands              Tmut           #.........   98%         5    #####..


Dungeon Overview and Level Annotations

Branches:
Dungeon (6/15)
 Temple: D:4-7

Altars:
Elyvilon
Nemelex Xobeh
Qazlal
Ru
The Shining One

Shops:
D:4 !   D:5 (

Annotations:
D:4 3 runed doors, shynie's ghost, amateur DrBe
D:8 Gastronok


Innate Abilities, Weirdness & Mutations

You are small and have problems with some larger weapons.
You are carnivorous and can eat meat at any time.
Your system is resistant to poisons. (rPois)
You are covered in fur. (AC +1)


Message History

Gastronok puts on a burst of speed!
Evoke which item? (* to show all) (? for menu, Esc to quit)
Okay, then.
Casting: Confuse (safe; 3% risk of failure)
Confirm with . or Enter, or press ? or * to list all spells.
Aiming: Dazzling Spray (safe; 5% risk of failure)
Press: ? - help, Shift-Dir - straight line, f/p - Gastronok
Aim: Gastronok, wearing a glowing hat (covering ground quickly)
The spray of energy hits Gastronok.
The orc wizard mumbles some strange words.
The orc wizard flickers and vanishes!
Deactivating autopickup; reactivate with Ctrl-A.
Gastronok sloshes about.
Okay, then.
As you read the scroll of teleportation, it crumbles to dust.
You feel strangely unstable.
Gastronok waves his eye-stalks in wide circles.
The air twists around and strikes you!
Ouch! That really hurt!
You die...

##.# ...#.# ... #.>...
..# #..#.# # ########
####..#.##.######.......
.......{..........######
####.##w##.#####..#
#.#.#.# #..## #...#
####...#####
##@#####...........
#.......##########
#########


You could see Gastronok.

Vanquished Creatures
  Sigmund (D:2)
  Eustachio (D:6)
  An orc warrior (D:4)
  A sky beast (D:6)
  2 phantoms
  3 ogres
  3 bullfrogs (D:6)
  A water moccasin zombie (D:5)
  A water moccasin skeleton (D:6)
  6 killer bees (D:3)
  A howler monkey (D:5)
  2 crimson imps (D:5)
  2 hounds
  2 jellies
  7 orc wizards
  A centaur skeleton (D:4)
  5 orc priests
  Natasha (thrice) (D:4)
  3 iguanas
  2 worker ants
  2 hound zombies
  2 hound skeletons (D:5)
  2 worker ant zombies (D:6)
  17 adders
  3 oozes (D:3)
  5 worms
  3 dart slugs
  8 leopard geckos
  21 orcs
  6 giant cockroaches
  9 hobgoblins
  11 jackals
  3 quokkas
  A ball python (Sewer)
  10 bats
  13 frilled lizards
  6 goblins (D:1)
  16 kobolds
  A leopard gecko skeleton (D:5)
  9 rats
196 creatures vanquished.

Vanquished Creatures (others)
  A plant (Sewer)
1 creature vanquished.

Grand Total: 197 creatures vanquished

Notes
Turn   | Place    | Note
-------+----------+-------------------------------------------
     0 | D:1      | Ihlosi the Kobold Enchanter began the quest for the Orb.
     0 | D:1      | Reached XP level 1. HP: 10/10 MP: 3/3
   126 | D:1      | Reached XP level 2. HP: 13/15 MP: 5/5
   130 | D:1      | Learned a level 2 spell: Ensorcelled Hibernation
   583 | D:1      | Reached XP level 3. HP: 13/19 MP: 6/6
   601 | D:1      | Learned a level 3 spell: Dazzling Spray
  1353 | D:2      | Reached skill level 5 in Stealth
  1353 | D:2      | Reached XP level 4. HP: 24/24 MP: 7/7
  1561 | D:2      | Reached XP level 5. HP: 5/28 MP: 5/8
  1838 | D:2      | Found a faded altar of an unknown god.
  1872 | D:2      | Noticed Sigmund
  2078 | D:2      | Killed Sigmund
  2078 | D:2      | Reached skill level 1 in Fighting
  2078 | D:2      | Reached skill level 1 in Armour
  2078 | D:2      | Reached skill level 6 in Stealth
  2078 | D:2      | Reached skill level 1 in Conjurations
  2078 | D:2      | Reached XP level 6. HP: 34/34 MP: 8/10
  2711 | D:3      | Found a glowing drain.
  2733 | Sewer    | Entered a sewer
  3982 | D:3      | Reached XP level 7. HP: 38/39 MP: 2/11
  4089 | D:3      | Found a sparkling altar of Nemelex Xobeh.
  4179 | D:3      | Reached skill level 7 in Stealth
  4186 | D:3      | Gained mutation: You occasionally shout uncontrollably at
                  | your foes. [potion of mutation]
  4186 | D:3      | Gained mutation: You have a pair of small horns on your
                  | head. [potion of mutation]
  4656 | D:4      | Noticed Natasha
  4808 | D:4      | Reached XP level 8. HP: 37/44 MP: 8/13
  4813 | D:4      | Learned a level 3 spell: Confuse
  4817 | D:4      | Learned a level 3 spell: Tukima's Dance
  4927 | D:4      | Found Nuecwap's Distillery.
  4932 | D:4      | Bought a potion of mutation for 96 gold pieces
  4932 | D:4      | Lost mutation: You have a pair of small horns on your head.
                  | [potion of mutation]
  4932 | D:4      | Lost mutation: You occasionally shout uncontrollably at
                  | your foes. [potion of mutation]
  4932 | D:4      | Gained mutation: Your body sometimes deteriorates upon
                  | taking damage. [potion of mutation]
  4932 | D:4      | Gained mutation: You are somewhat resistant to further
                  | mutation. [potion of mutation]
  4933 | D:4      | Bought a potion of mutation for 96 gold pieces
  4933 | D:4      | Lost mutation: You are somewhat resistant to further
                  | mutation. [potion of mutation]
  4933 | D:4      | Lost mutation: Your body sometimes deteriorates upon taking
                  | damage. [potion of mutation]
  4933 | D:4      | Gained mutation: You are agile. (Dex +2) [potion of
                  | mutation]
  4933 | D:4      | Gained mutation: Your body sometimes deteriorates upon
                  | taking damage. [potion of mutation]
  4933 | D:4      | Gained mutation: You are covered in fur. (AC +1) [potion of
                  | mutation]
  4933 | D:4      | Gained mutation: Your spells are a little harder to cast,
                  | but a little more powerful. [potion of mutation]
  5418 | D:3      | Reached skill level 5 in Short Blades
  5418 | D:3      | Reached skill level 8 in Stealth
  5775 | D:4      | Found a runed gate.
  6362 | D:4      | Killed Natasha
  6440 | D:4      | Found a stormy altar of Qazlal.
  6442 | D:4      | Noticed Natasha
  6447 | D:4      | Killed Natasha
  6572 | D:4      | Noticed Natasha
  6580 | D:4      | Killed Natasha
  6764 | D:4      | Found a runed gate.
  6764 | D:4      | Found a runed gate.
  6768 | D:4      | Noticed shynie's ghost (amateur DrBe)
  7005 | D:4      | Lost mutation: Your body sometimes deteriorates upon taking
                  | damage. [potion of mutation]
  7005 | D:4      | Lost mutation: You are agile. (Dex +2) [potion of mutation]
  7005 | D:4      | Lost mutation: Your spells are a little harder to cast, but
                  | a little more powerful. [potion of mutation]
  7005 | D:4      | Gained mutation: Your system is resistant to poisons.
                  | (rPois) [potion of mutation]
  7014 | D:5      | Entered Level 5 of the Dungeon
  7063 | D:5      | Reached XP level 9. HP: 43/50 MP: 4/15
  7322 | D:5      | Reached skill level 1 in Evocations
  7666 | D:5      | Reached skill level 5 in Hexes
  7895 | D:5      | Found Qonigigy's Weapon Shop.
  8095 | D:5      | Reached skill level 9 in Stealth
  8426 | D:6      | Noticed Eustachio
  8433 | D:6      | Killed Eustachio
  8433 | D:6      | Reached skill level 5 in Dodging
  8672 | D:6      | Reached skill level 5 in Spellcasting
  8710 | D:6      | Found a sacrificial altar of Ru.
  8730 | D:6      | Found a glowing golden altar of the Shining One.
  8876 | D:6      | You fall through a shaft for 2 floors!
  9225 | D:8      | Found a white marble altar of Elyvilon.
  9416 | D:8      | Noticed Gastronok
  9430 | D:8      | Killed from afar by Gastronok

Skill      XL: |  1  2  3  4  5  6  7  8  9 |
---------------+----------------------------+-----
Stealth        | 5 6 7 8 9 |  9.0
Short Blades   | 2 3 4 5 6 |  6.0
Fighting       | 1 2 3 |  3.0
Armour         | 1 2 |  2.0
Dodging        | 3 4 5 |  5.6
Conjurations   | 1 2 3 |  3.6
Spellcasting   | 3 4 5 |  5.6
Hexes          | 4 5 |  5.9
Evocations     | 2 |  2.8

Action                   |  1- 3 |  4- 6 |  7- 9 || total
-------------------------+-------+-------+-------++-------
Melee: Dagger            |   115 |   373 |       ||   488
       Rapier            |       |     3 |   350 ||   353
       Headbutt          |       |       |     5 ||     5
 Cast: Corona            |     3 |       |     4 ||     7
       Ensorcelled Hiber |       |    48 |    90 ||   138
       Confuse           |       |       |    13 ||    13
       Dazzling Spray    |       |       |     6 ||     6
Evoke: Wand              |       |       |     7 ||     7
  Use: Scroll            |       |     9 |    11 ||    20
       Potion            |       |       |    10 ||    10
 Stab: Sleeping          |    15 |    39 |    54 ||   108
       Distracted        |       |       |     2 ||     2
       Confused          |       |       |     4 ||     4
  Eat: Chunk             |     8 |     9 |    26 ||    43
Armor: Robe              |    16 |     6 |    46 ||    68
Dodge: Dodged            |    73 |   109 |   250 ||   432
Block: Other             |       |    32 |    59 ||    91
       Reflection        |       |     1 |       ||     1
